 Dungeon Crawl Stone Soup version 0.31-a0-986-g5e6e4ef867 (webtiles) character file.

Game seed: 12329089982755793297

129 FakeRyeBread the Magician (level 5, -1/40 HPs)
             Began as a Djinni Conjurer on Nov 18, 2023.
             Slain by a gnoll
             ... wielding a +1 whip of venom
              (5 damage)
             ... on level 3 of the Dungeon.
             The game lasted 00:09:15 (2194 turns).

FakeRyeBread the Magician (Djinni Conjurer)         Turns: 2194, Time: 00:09:15

Health: -1/40      AC:  3    Str:  6    XL:     5   Next: 35%
Gold:   119        EV: 11    Int: 28    God:
                   SH:  0    Dex: 11

rFire   + + .        j - +0 short sword
rCold   x . .        (no shield)
rNeg    . . .        f - +0 leather armour
rPois   ∞            (no helmet)
rElec   .            (no cloak)
rCorr   .            (no gloves)
SInv    .            (boots unavailable)
Will    .....        g - amulet of regeneration
Stlth   +            u - +6 ring of intelligence
HPRegen 1.06/turn    (no ring)
MPRegen 0.00/turn

%: infuse magic (-2 HP)
@: brilliant, attractive, flying
A: sickness immunity, fire resistance 2, cold vulnerability 1, float, innate
caster, HP casting, extra vitality 1
a: no special abilities


You were on level 3 of the Dungeon.
You visited 1 branch of the dungeon, and saw 3 of its levels.

You collected 119 gold pieces.

Inventory:

Hand Weapons
 j - a +0 short sword (weapon)
Armour
 a - a +0 robe
 f - a +0 leather armour (worn)
Jewellery
 g - an amulet of regeneration (around neck)
 u - a +6 ring of intelligence (left hand)
Scrolls
 c - 2 scrolls of fog {unknown}
 h - a scroll of amnesia {unknown}
 i - a scroll of blinking {unknown}
 m - 3 scrolls of teleportation {unknown}
 q - a scroll of identify {unknown}
 r - a scroll of brand weapon {unknown}
 s - a scroll of poison {unknown}
Potions
 b - 2 potions of attraction
 d - a potion of ambrosia {unknown}
 e - a potion of might {unknown}
 k - a potion of lignification {unknown}
 l - a potion of mutation {unknown}
 n - a potion of curing {unknown}
 o - a potion of enlightenment {unknown}
 p - a potion of brilliance
 t - a potion of haste {unknown}


   Skills:
 + Level 3.1 Fighting
 - Level 2.1 Dodging
 - Level 1.5 Stealth
 + Level 4.2 Spellcasting
 + Level 4.2 Conjurations
 + Level 4.2 Hexes
 + Level 4.2 Summonings
 + Level 4.2 Necromancy
 + Level 4.2 Translocations
 + Level 4.2 Transmutations
 + Level 4.2 Fire Magic
 + Level 4.2 Ice Magic
 + Level 4.2 Air Magic
 + Level 4.2 Earth Magic
 + Level 4.2 Poison Magic


You knew the following spells:

 Your Spells              Type           Power      Damage    Failure   Level
a - Magic Dart            Conj           100%       1d8       1%          1
b - Searing Ray           Conj           88%        2d7       3%          2
c - Dazzling Flash        Conj/Hex       88%        N/A       6%          3
d - Fulminant Prism       Conj/Hex       22%        3d12      21%         4
e - Iskenderun's Mystic   Conj/Tloc      44%        2d10      21%         4
f - Necrotise             Necr           100%       1d9       1%          1
g - Ensorcelled Hibernat  Hex/Ice        88%        N/A       3%          2
Your spell library was empty.

Dungeon Overview and Level Annotations

Branches:
Dungeon (3/15)

Altars:
Yredelemnul

Shops:
D:1 *

Annotations:
D:3 2 runed translucent doors, strifetoe's ghost, amateur MiMo


Innate Abilities, Weirdness & Mutations

You are immune to sickness and miasma.
You are immune to poison.
Your flesh is very heat resistant. (rF++)
You are vulnerable to cold. (rC-)
You float through the air rather than walking.
You learn spells naturally, not from books.
Your magical power is your life essence.
You have superior vitality. (+4 MHP)


Message History

Your gnoll skeleton is moderately damaged.
The gnoll hits you with a +1 whip of venom.
* * * LOW HITPOINT WARNING * * *
* * * LOW HITPOINT WARNING * * *
The gnoll hits you with a +1 whip of venom!
* * * LOW HITPOINT WARNING * * *
Your gnoll skeleton closely misses the gnoll.
The gnoll attacks as it pursues you! The gnoll barely misses you.
Aiming: Searing Ray (safe; 3% risk of failure)
Press: ? - help, Q - select action, (/) - cycle Shift-Dir - straight line, f - gnoll
Aim: a gnoll, wielding a +1 whip of venom (moderately wounded, ally target, 82% to hit)
The searing ray hits the gnoll.
The gnoll is heavily wounded. (Press . to maintain the ray.)
* * * LOW HITPOINT WARNING * * *
The gnoll misses you.
The searing ray hits the gnoll.
The gnoll is heavily wounded.
* * * LOW HITPOINT WARNING * * *
The gnoll barely misses you.
Your gnoll skeleton barely misses the gnoll.
The searing ray hits the gnoll.
The gnoll is severely wounded.
* * * LOW HITPOINT WARNING * * *
The gnoll barely misses you.
Your gnoll skeleton closely misses the gnoll.
It was a potion of attraction.
You feel attractive to monsters. The gnoll closely misses you.
Your gnoll skeleton closely misses the gnoll.
It was a potion of brilliance.
You feel clever all of a sudden.
The gnoll hits you with a +1 whip of venom.
* * * LOW HITPOINT WARNING * * *
Okay, then.
You hit the gnoll.
The gnoll is almost dead.
Your gnoll skeleton barely misses the gnoll.
The gnoll hits you with a +1 whip of venom.
You die...

###.#### #...#...# #........
###.# #####...#...###......#.
....#######...............#....#.
#.#.....†..)...................##
.##....##.#...............##.#.##
.......##.#####...#...###........
###...###.# #...#...# #......##
###.......# #...#...# ####.###
......##### #.@.##### #.####
####### ######g## #..... #
#.....Z.# ###... # #.####..###
#.## # #....# #.## ##.#......
#.## ........)...... #.##
#...?.......... #.##
###............ #.(.


You could see a gnoll (ally target) and a friendly gnoll skeleton.

Vanquished Creatures
  Natasha (D:3)
  2 gnolls (D:3)
  An adder (D:2)
  2 worms (D:2)
  3 dart slugs
  2 orcs (D:3)
  5 bats
  4 endoplasms
  3 giant cockroaches
  3 goblins (D:1)
  6 hobgoblins
  3 jackals (D:2)
  7 kobolds
  2 quokkas
  2 ball pythons (D:1)
  5 rats
51 creatures vanquished.

Vanquished Creatures (collateral kills)
  A gnoll (D:3)
1 creature vanquished.

Grand Total: 52 creatures vanquished

Notes
Turn   | Place    | Note
-------+----------+-------------------------------------------
     0 | D:1      | FakeRyeBread the Djinni Conjurer began the quest for the
                  | Orb.
     0 | D:1      | FakeRyeBread set off with the following spells memorised:
                  | Magic Dart, Searing Ray, Dazzling Flash, Fulminant Prism,
                  | Iskenderun's Mystic Blast.
     0 | D:1      | Reached XP level 1. HP: 15/15 MP: 0/0
   165 | D:1      | Reached XP level 2. HP: 19/22 MP: 0/0
   199 | D:1      | Reached skill level 1 in Fighting
   465 | D:1      | Reached XP level 3. HP: 27/27 MP: 0/0
   465 | D:1      | Learned a level 1 spell: Necrotise
   474 | D:1      | Found Howew's General Store.
   867 | D:2      | You are sucked into a shaft and drop 1 floor!
   872 | D:3      | Found a large runed translucent door.
   872 | D:3      | Found a large runed translucent door.
   874 | D:3      | Noticed strifetoe's ghost (amateur MiMo)
   898 | D:2      | Reached XP level 4. HP: 33/33 MP: 0/0
  1547 | D:2      | Identified the +0 leather armour of Coipoiv {+Blink rC-
                  | SInv Stlth+}
  1768 | D:3      | Found a basalt altar of Yredelemnul.
  1769 | D:3      | Noticed Natasha
  1799 | D:3      | Killed Natasha
  1943 | D:3      | Reached XP level 5. HP: 38/39 MP: 0/0
  1943 | D:3      | Learned a level 2 spell: Ensorcelled Hibernation
  2187 | D:3      | HP: 2/40 [gnoll/+1 whip of venom (10)]
  2194 | D:3      | Slain by a gnoll

Illustrated notes

Levels and vault maps discovered:
D:1:      amcnicky_arrival_feature_with_door, layout_rooms, serial_shops, shop
D:2:      layout_basic
D:3:      layout_loops_cross, old_standard_altar, ebering_ghost_disaster_area,
          uniq_natasha

Skill      XL: |  1  2  3  4  5 |
---------------+----------------+-----
Fighting       | 1 2 3 |  3.1
Spellcasting   | 4 |  4.2
Conjurations   | 4 |  4.2
Hexes          | 4 |  4.2
Summonings     | 4 |  4.2
Necromancy     | 4 |  4.2
Translocations | 4 |  4.2
Transmutations | 4 |  4.2
Fire Magic     | 4 |  4.2
Ice Magic      | 4 |  4.2
Air Magic      | 4 |  4.2
Earth Magic    | 4 |  4.2
Poison Magic   | 4 |  4.2
Dodging        | |  2.1
Stealth        | |  1.5

Action                     |  1- 3 |  4- 6 || total
---------------------------+-------+-------++-------
  Melee: Unarmed           |     1 |       ||     1
         Dagger            |     9 |       ||     9
         Short sword       |     5 |     1 ||     6
   Cast: Magic Dart        |    60 |    30 ||    90
         Necrotise         |     8 |     4 ||    12
         Searing Ray       |     1 |     8 ||     9
    Use: Potion            |       |     2 ||     2
 Armour: Leather armour    |    15 |    22 ||    37
  Dodge: Dodged            |    10 |    16 ||    26

Table legend: (Time is in decaauts)
 A = Elapsed time spent in this place.
 B = Non-inter-level travel time spent in this place.
 C = Inter-level travel time spent in this place.
 D = Time resting spent in this place.
 E = Time spent auto-exploring this place.
 F = Levels seen in this place.
 G = Mean time per level.
                   A        B        C        D        E       F      G
               +--------+--------+--------+--------+--------+-----+--------+
         Total |   2191 |   1820 |    371 |     17 |   1464 |   3 |  730.3 |
       Dungeon |   2191 |   1820 |    371 |     17 |   1464 |   3 |  730.3 |
               +--------+--------+--------+--------+--------+-----+--------+

Top non-repeatable levels by time:
     D:2: 1114 daAuts
     D:1: 589 daAuts
     D:3: 488 daAuts
